 Dungeon Crawl Stone Soup version 0.16-a0-791-gf1c67de (webtiles) character file.

31 RobertPalmer the Ruffian (level 3, 0/33 HPs)
             Began as an Ogre Transmuter on Sept 28, 2014.
             Succumbed to an adder's poison
             ... on Level 1 of the Dungeon.
             The game lasted 00:01:35 (1184 turns).

RobertPalmer the Ruffian (Ogre Transmuter)          Turns: 1184, Time: 00:01:36

HP   0/33        AC  3     Str 20      XL: 3   Next: 22%
MP   6/6         EV 10     Int 12      God:
Gold 73          SH  0     Dex 11      Spells:  1 memorised,  5 levels left

rFire  . . .     SeeInvis .     a - +0 club
rCold  . . .     Clarity  .     c - +0 robe
rNeg   . . .     rCorr    .     (shield restricted)
rPois  .         rRot     .     (helmet restricted)
rElec  .         Spirit   .     (no cloak)
SustAb .         Warding  .     (gloves unavailable)
rMut   .         Stasis   .     (boots unavailable)
Gourm  .                        (no amulet)
MR     .....                    (no ring)
                                (no ring)

@: mighty, lethally poisoned, appendage (expiring), not resistant to hostile
enchantments, very unstealthy
A: unfitting armour, horns 2, tough skin 1
a: End Transformation


You were on level 1 of the Dungeon.
You were very hungry.
You had grown temporary horns.
You visited 1 branch of the dungeon, and saw 1 of its levels.

You collected 73 gold pieces.


Innate Abilities, Weirdness & Mutations

You are too large for most types of armour.
You have tough skin (AC +1).
You have a pair of horns on your head.


   Skills:
 - Level 1.3 Fighting
 + Level 1.5 Maces & Flails
 - Level 1.7 Dodging
 - Level 2.6 Unarmed Combat
 - Level 2.4 Spellcasting
 - Level 2.3 Transmutations


You had 5 spell levels left.
You knew the following spells:

 Your Spells              Type           Power        Failure   Level  Hunger
z - Beastly Appendage     Trmt           #.....       12%         1    ##.....

Inventory:

Hand weapons
 a - a +0 club (weapon)
Missiles
 b - 33 arrows
 f - 4 poisoned needles
Armour
 c - a +0 robe (worn)
Comestibles
 g - a meat ration
 j - a beef jerky
Scrolls
 e - a scroll of teleportation {unknown}
 i - a scroll of immolation {unknown}
Books
 d - a book of Changes

Dungeon Overview and Level Annotations

Branches:
Dungeon (1/15)

Altars:

#.#
###################.##
#.....................
#.#################.##
#>....................
#####.#############.[.
#.# ######### #%#
#.......# #@# #.##+##.#
#.# #.#...#.#
########'########.#.<.#.#
#...............#.##'##.#
#.###.........#.'.+.....#
#.# #.........#.#+#######
#.# #..)......#...# #....
#.# #.........##### #....
#.# #.........# #....


There were no monsters in sight!


Message History

The adder poisons you! The adder bites you but does no damage.
Unknown command.
Drink which item? (? for menu, Esc to quit)
You feel very mighty all of a sudden.
It was a potion of might.
* * * LOW HITPOINT WARNING * * *
You feel sick. The adder bites you but does no damage.
Unknown command.
You sock the adder!
The adder is almost dead.
* * * LOW HITPOINT WARNING * * *
You feel sick. The adder closely misses you. The adder completely misses you.
You are feeling very hungry.
You barely miss the adder.
The adder is almost dead.
* * * LOW HITPOINT WARNING * * *
You feel sick. The adder bites you.
* * * LOW HITPOINT WARNING * * *
The adder closely misses you.
You thump the adder!
You kill the adder!
Your Maces & Flails skill increases to level 1!
You have reached level 3!
Your experience leads to an increase in your attributes!
Your base attributes are Str 14, Int 12, Dex 10.
Increase (S)trength, (I)ntelligence, or (D)exterity?
You feel agile.
You feel stronger.
* * * LOW HITPOINT WARNING * * *
You feel sick.
You die...

Action                   || total
-------------------------++-------
Melee: Unarmed           ||    15
       Club              ||    76
 Cast: Beastly Appendage ||     3
  Use: Potion            ||     1

Vault maps used:
D:1:      ncdulo_smallfort

Notes
Turn   | Place    | Note
--------------------------------------------------------------
     0 | D:1      | RobertPalmer, the Ogre Transmuter, began the quest for the Orb.
     0 | D:1      | Reached XP level 1. HP: 19/19 MP: 3/3
   160 | D:1      | Reached skill level 2 in Transmutations
   160 | D:1      | Reached XP level 2. HP: 18/27 MP: 5/5
  1181 | D:1      | HP: 1/27 [adder (2)]
  1182 | D:1      | Reached skill level 1 in Maces & Flails
  1182 | D:1      | Reached XP level 3. HP: 1/33 MP: 6/6
  1184 | D:1      | Succumbed to an adder's poison

Vanquished Creatures
  An adder (D:1)
  An ooze (D:1)
  3 hobgoblins (D:1)
  A bat (D:1)
  2 giant cockroaches (D:1)
  4 giant newts (D:1)
  6 goblins (D:1)
  4 kobolds (D:1)
  3 rats (D:1)
25 creatures vanquished.
